 Dungeon Crawl Stone Soup version 0.28.0-45-g0d030f2227 (webtiles) character file.

Game seed: 6148777967408434866

8 DungeonMaster the Shooter (level 2, 22/22 HPs)
             Began as a Demonspawn Wanderer on Apr 17, 2022.
             Quit the game on level 1 of the Dungeon.
             The game lasted 00:00:26 (89 turns).

DungeonMaster the Shooter (Demonspawn Wanderer)       Turns: 89, Time: 00:00:27

Health: 22/22      AC:  6    Str: 14    XL:     2   Next: 0%
Magic:  2/2        EV:  9    Int: 14    God:
Gold:   0          SH:  0    Dex:  9    Spells: 1/1 levels left

rFire   . . .      SeeInvis .   a - +2 shortbow
rCold   . . .      Faith    .   (shield currently unavailable)
rNeg    . . .      Spirit   .   d - +0 scale mail
rPois   .          Reflect  .   (no helmet)
rElec   .          Harm     .   (no cloak)
rCorr   .          Rampage  .   (no gloves)
Will    .....                   (no boots)
Stlth   ..........              (no amulet)
HPRegen 0.07/turn               (no ring)
MPRegen 0.08/turn               (no ring)

@: no status effects
A: demonic touch 1
a: no special abilities


You were on level 1 of the Dungeon.
You visited 1 branch of the dungeon, and saw 1 of its levels.

Inventory:

Hand Weapons
 a - a +2 shortbow (weapon)
 c - a +0 hand axe
 e - a +0 mace
Missiles
 b - 15 arrows (quivered ammo)
Armour
 d - a +0 scale mail (worn)
Scrolls
 f - a scroll of magic mapping {unknown}


   Skills:
 * Level 2.2 Fighting
 - Level 1.9 Axes
 - Level 3.6 Bows
 * Level 2.0 Armour
 * Level 0.3 Dodging


You had one spell level left.
You didn't know any spells.
Your spell library was empty.

Dungeon Overview and Level Annotations

Branches:
Dungeon (1/15)

Altars:


Innate Abilities, Weirdness & Mutations

Your touch may inflict minor irresistible damage on your foes.


Message History

Fire: 16 arrows
Press: ? - help, Q - select action Shift-Dir - straight line, f/p - giant cockroach
Aim: a giant cockroach (59% to hit)
You shoot an arrow. The arrow hits the giant cockroach!
You kill the giant cockroach!
b - 16 arrows (gained 1)
b - 17 arrows (gained 1) 2 goblins come into view.
The goblin shouts! x2
The goblin moves out of view.
You see here an arrow.
Fire: 17 arrows
Press: ? - help, Q - select action Shift-Dir - straight line, f - goblin
Aim: a goblin, wielding a +0 dagger (51% to hit)
You shoot an arrow. The arrow hits the goblin.
You kill the goblin!
Fire: 16 arrows
Press: ? - help, Q - select action Shift-Dir - straight line, f - goblin
Aim: a goblin, wielding a +0 club (51% to hit)
You shoot an arrow. The arrow barely misses the goblin.
Fire: 15 arrows
Press: ? - help, Q - select action Shift-Dir - straight line, f - you Really target yourself? [Y]es or [N]o only, please.
Really target yourself? [Y]es or [N]o only, please.
Really target yourself?
Okay, then.
b - 16 arrows (gained 1)
A goblin is nearby!
Fire: 16 arrows
Press: ? - help, Q - select action Shift-Dir - straight line, f - goblin
Aim: a goblin, wielding a +0 club (51% to hit)
You shoot an arrow. The arrow hits the goblin!
You kill the goblin!
Your Armour skill increases to level 2!
You have reached level 2!
Your demonic ancestry asserts itself...
Your hands begin to faintly glow with unholy energy.
Are you sure you want to abandon this character and quit the game? (Confirm with "yes".)

.. .## .#.# #.#.#
#>##
..............(#
#.#.#.#.#.#.#.#
.......(......
#.#.#.#.#.#.#(##
.......(..)!(..#
#.#.#.#.#@#
#....(..##
#.......# #####..##
##..# ##.### ##...#
###....#
############...####


There were no monsters in sight!

Vanquished Creatures
  2 endoplasms (D:1)
  A giant cockroach (D:1)
  2 goblins (D:1)
  A bat (D:1)
  A rat (D:1)
7 creatures vanquished.

Notes
Turn   | Place    | Note
-------+----------+-------------------------------------------
     0 | D:1      | DungeonMaster the Demonspawn Wanderer began the quest for
                  | the Orb.
     0 | D:1      | DungeonMaster set off with the following items: a +2
                  | shortbow, 23 arrows, a +0 hand axe, a +0 scale mail
     0 | D:1      | Reached XP level 1. HP: 16/16 MP: 1/1
    89 | D:1      | Gained mutation: Your touch may inflict minor irresistible
                  | damage on your foes. [demonic ancestry]
    89 | D:1      | Reached XP level 2. HP: 22/22 MP: 2/2
    89 | D:1      | Quit the game

Illustrated notes

Levels and vault maps discovered:
D:1:      heliophobic_arrival_enchanted_forest, layout_rooms, serial_shops,
          nicolae_shop_hallway_stairs, st_stairs_12, minmay_misc_feat_plants,
          minmay_indecisive_spiral

Skill      XL: |  1 |
---------------+----+-----
Armour         | 2 |  2.0
Fighting       | |  2.2
Axes           | |  1.9
Bows           | |  3.6
Dodging        | |  0.3

Action                   || total
-------------------------++-------
 Fire: Shortbow          ||    12
